 Dungeon Crawl Stone Soup version 0.29-a0-393-g47a863cc1b (webtiles) character file.

Game seed: 11101283882905251476

350 trckry the Caller (level 6, 0/24 HPs)
             Began as a Felid Summoner on May 11, 2022.
             Was a Priest of Makhleb.
             Succumbed to a water moccasin's poison
             ... on level 4 of the Dungeon.
             The game lasted 00:15:32 (4628 turns).

trckry the Caller (Felid Summoner)                  Turns: 4628, Time: 00:15:33

Health: 0/24       AC:  6    Str:  2 (4)  XL:     6   Next: 33%
Magic:  7/12       EV: 17    Int: 17 (19) God:    Makhleb [***...]
Gold:   231        SH:  0    Dex: 15 (16) Spells: 6/12 levels left
                                        Lives:  0   Deaths: 1

rFire   . . .      SeeInvis +   (weapon unavailable)
rCold   . . .      Faith    .   (shield unavailable)
rNeg    . . .      Spirit   +   (body armour unavailable)
rPois   .          Reflect  .   (helmet unavailable)
rElec   .          Harm     .   (cloak unavailable)
rCorr   .          Rampage  .   (gloves unavailable)
Will    .....                   (boots unavailable)
Stlth   ++........              k - amulet of guardian spirit
HPRegen 0.08/turn               h - +4 ring of protection
MPRegen 0.13/turn               (no ring)

@: lethally poisoned (0 -> -1), on berserk cooldown, slowed, invisible, slow
A: very small, claws 1, fangs 3, see invisible, speed 1, shaggy fur 2, stealthy
paws, no weapons or thrown items, no armour, multi-lived
a: Renounce Religion, Minor Destruction, Lesser Servant of Makhleb


You were on level 4 of the Dungeon.
You worshipped Makhleb.
Makhleb was most pleased with you.
You visited 1 branch of the dungeon, and saw 4 of its levels.

You collected 231 gold pieces.

Inventory:

Jewellery
 h - a +4 ring of protection (left paw)
 k - an amulet of guardian spirit (around neck)
Wands
 q - a wand of iceblast (10)
Scrolls
 b - 2 scrolls of teleportation {unknown}
 c - a scroll of poison {unknown}
 e - 7 scrolls of identify {unknown}
 g - a scroll of immolation {unknown}
 j - 2 scrolls of noise {unknown}
 l - a scroll of enchant armour {unknown}
 n - a scroll of silence {unknown}
 p - a scroll of amnesia {unknown}
Potions
 a - a potion of magic
 d - a potion of degeneration
 f - 2 potions of brilliance
 i - a potion of cancellation
 r - a potion of flight {unknown}
 s - a potion of might {unknown}
 t - a potion of curing {unknown}


   Skills:
 - Level 2.6 Dodging
 - Level 2.6 Stealth
 + Level 3.7 Spellcasting
 * Level 6.6 Summonings
 * Level 3.5 Invocations


You had 6 spell levels left.
You knew the following spells:

 Your Spells              Type           Power      Damage    Failure   Level
a - Summon Small Mammal   Summ           100%       N/A       1%          1
b - Call Imp              Summ           25%        N/A       1%          2
c - Call Canine Familiar  Summ           25%        N/A       3%          3

Your spell library contained the following spells:

 Spells                   Type           Power      Damage    Failure   Level
 Summon Guardian Golem    Hex/Summ       14%        N/A       13%         3
 Apportation              Tloc           6%         N/A       16%         1
 Magic Dart               Conj           12%        1d3       16%         1
 Slow                     Hex            12%        N/A       16%         1
 Blink                    Tloc           6%         N/A       24%         2
 Summon Lightning Spire   Summ/Air       14%        N/A       38%         4
 Confusing Touch          Hex            3%         N/A       43%         3
 Dazzling Flash           Conj/Hex       6%         N/A       43%         3
 Ignite Poison            Fire/Tmut/Pois 3%         N/A       43%         3
 Lesser Beckoning         Tloc           3%         N/A       43%         3
 Mephitic Cloud           Conj/Pois/Air  3%         N/A       43%         3
 Vampiric Draining        Necr           3%         2d6       43%         3
 Agony                    Necr           3%         N/A       99%         5
 Alistair's Intoxication  Tmut/Pois      2%         N/A       99%         5
 Freezing Cloud           Conj/Ice/Air   1%         6-21      99%         5
 Manifold Assault         Tloc           3%         N/A       99%         5
 Silence                  Hex/Air        1%         N/A       99%         5


Dungeon Overview and Level Annotations

Branches:
Dungeon (4/15)             Temple (0/1) D:4

Altars:
Makhleb
Nemelex Xobeh
Trog
The Shining One


Innate Abilities, Weirdness & Mutations

You have sharp claws.
You have razor-sharp teeth.
You have supernaturally acute eyesight. (SInv)
You cover ground quickly. (Speed+)
You are covered in thick fur. (AC +2)
Your paws help you pounce on unaware monsters.
You are incapable of wielding weapons or throwing items.
You cannot wear armour.
You gain extra lives every three experience levels.


Message History

It was a potion of invisibility.
You fade into invisibility!
* * * LOW HITPOINT WARNING * * *
You feel sick.
Your hound closely misses the water moccasin.
Your neqoxec barely misses the water moccasin.
The water moccasin closely misses your neqoxec.
Your hound misses the water moccasin.
You take 1 damage, and have 2/24 hp.
It was a potion of berserk rage.
A red film seems to cover your vision as you go berserk!
You feel yourself moving faster!
You feel mighty!
* * * LOW HITPOINT WARNING * * *
You feel sick.
The water moccasin hisses angrily.
Your neqoxec hits the water moccasin!
The water moccasin closely misses your hound.
Your hound barely misses the water moccasin.
You now have 3/36 hp.
You are too berserk!
You feel a strong urge to attack something.
* * * LOW HITPOINT WARNING * * *
You feel sick.
The water moccasin hisses angrily.
Your hound closely misses the water moccasin.
The water moccasin closely misses your neqoxec.
Your neqoxec closely misses the water moccasin.
You take 1 damage, and have 2/36 hp.
* * * LOW HITPOINT WARNING * * *
You feel sick.
The water moccasin hisses angrily.
Your hound completely misses the water moccasin.
The water moccasin bites your neqoxec.
Your neqoxec misses the water moccasin.
You take 1 damage, and have 1/36 hp.
You feel your anger nearly subside.
Your hound bites the water moccasin.
The water moccasin misses your hound.
You are no longer berserk.
You are exhausted.
You feel yourself slow down.
You die...

# #.....###...###.....#8.....8#..
# #..##...............##.....##.#
# #..#.).⌠..>..⌠..###.# 8...8##.#
# #..#.#..))...[..# ## ##>## #.#
###..#.####...###5########### #.#
........ #.⌠.# #h#.........# #.#
.....#.# #...###S#.##.##...###)#
###..#.# #####.3.#.##.##.#.#....
#......# ##@##.##..........#
..#..#### #####.##.#####.#.#)###
........####...^.##.......#......
###>#.#..........##.......###.###
....#....######.###.####.## #....
######.#.######.÷.>....#.# #....
#.#.........##.##.#.# #####
#.#########÷##.##.#.# #.#
#.##......#


You could see a water moccasin (can't see you, misshapen, ally target), a
friendly neqoxec (summoned), a friendly hound (summoned) and a friendly crimson
imp (summoned).

Vanquished Creatures
  3 dart slugs
  2 orcs (D:4)
  6 bats
  3 giant cockroaches
  4 goblins
  4 hobgoblins
  A jackal (D:1)
  5 quokkas
  4 ball pythons
  2 frilled lizards
  2 kobolds
  A rat (D:4)
37 creatures vanquished.

Vanquished Creatures (collateral kills)
  An ice beast (D:3)
  A phantom (D:4)
  A scorpion (D:4)
  A hound (D:4)
  An orc priest (D:4)
  An orc wizard (D:3)
  8 adders
  A white imp (D:3)
  2 worms
  2 dart slugs (D:2)
  6 orcs
  4 ball pythons
  2 bats (D:2)
  3 endoplasms
  2 giant cockroaches (D:3)
  4 goblins
  3 hobgoblins
  4 jackals
  A quokka (D:4)
  2 frilled lizards
  7 kobolds
  2 rats (D:1)
59 creatures vanquished.

Grand Total: 96 creatures vanquished

Notes
Turn   | Place    | Note
-------+----------+-------------------------------------------
     0 | D:1      | trckry the Felid Summoner began the quest for the Orb.
     0 | D:1      | Reached XP level 1. HP: 7/7 MP: 4/4
   494 | D:1      | Reached XP level 2. HP: 8/11 MP: 6/6
   709 | D:1      | Learned a level 2 spell: Call Imp
  1265 | D:1      | Reached XP level 3. HP: 14/14 MP: 7/7
  1416 | D:1      | Learned a level 3 spell: Call Canine Familiar
  1437 | D:2      | Found a faded altar of an unknown god.
  1444 | D:2      | Prayed at the altar of an unknown god.
  1444 | D:2      | Became a worshipper of Makhleb the Destroyer
  1444 | D:2      | Reached * piety under Makhleb
  1599 | D:2      | Reached skill level 5 in Summonings
  1713 | D:2      | Reached XP level 4. HP: 18/18 MP: 5/9
  1929 | D:2      | Reached ** piety under Makhleb
  2152 | D:3      | Found a burning altar of Makhleb.
  2187 | D:3      | Reached skill level 1 in Invocations
  2422 | D:3      | Noticed an ice beast
  2821 | D:3      | Killed an ice beast
  2822 | D:3      | Reached XP level 5. HP: 19/21 MP: 0/10
  3029 | D:3      | HP: 2/21 [white imp/puff of frost (10)]
  3512 | D:3      | Reached skill level 6 in Summonings
  3512 | D:3      | Gained mutation: You are covered in thick fur. (AC +2)
                  | [Felid growth]
  3512 | D:3      | Reached XP level 6. HP: 23/24 MP: 10/12
  3600 | D:3      | Found a glowing golden altar of the Shining One.
  3819 | D:4      | Found a staircase to the Ecumenical Temple.
  4120 | D:4      | Noticed a water moccasin
  4145 | D:4      | HP: 3/24 [poisoned by a water moccasin]
  4145 | D:4      | Slain by a water moccasin
  4146 | D:4      | Reached XP level 5. HP: -4/21 MP: 0/11
  4206 | D:4      | Noticed a phantom
  4241 | D:4      | Killed a phantom
  4242 | D:4      | Reached XP level 6. HP: 21/24 MP: 4/12
  4417 | D:4      | Reached *** piety under Makhleb
  4435 | D:4      | Found a sparkling altar of Nemelex Xobeh.
  4436 | D:4      | Found a bloodstained altar of Trog.
  4622 | D:4      | HP: 3/24 [poisoned by a water moccasin]
  4626 | D:4      | HP: 1/36 [poisoned by a water moccasin]
  4628 | D:4      | Succumbed to a water moccasin's poison

Illustrated notes

Levels and vault maps discovered:
D:1:      dpeg_arrival_fog, layout_basic
D:2:      layout_rooms, ebering_ecumenical_altar_hall
D:3:      layout_loops_cross, mainiacjoe_overflow_paths,
          lemuel_coloured_pillars_altar, amcnicky_mini_corridor_feature
D:4:      layout_loops_cross, nicolae_overflow_hidden_temple,
          trog_butcher_becter, minmay_temple_entry_junction

Skill      XL: |  1  2  3  4  5 |
---------------+----------------+-----
Summonings     | 5 6 |  6.6
Spellcasting   | 3 |  3.7
Invocations    | 2 3 |  3.5
Dodging        | |  2.6
Stealth        | |  2.6

Action                   |  1- 3 |  4- 6 || total
-------------------------+-------+-------++-------
Melee: Unarmed           |    72 |   130 ||   202
       Bite              |     2 |    11 ||    13
       Punch             |       |     1 ||     1
 Cast: Summon Small Mamm |    16 |     6 ||    22
       Call Imp          |     5 |    12 ||    17
       Call Canine Famil |       |    19 ||    19
Invok: Minor Destruction |       |     4 ||     4
       Lesser Servant of |       |     1 ||     1
  Use: Potion            |       |     5 ||     5
 Stab: Sleeping          |     3 |     5 ||     8
       Distracted        |       |     1 ||     1
Armor: Skin              |     6 |    32 ||    38
Dodge: Dodged            |    78 |   101 ||   179

Table legend: (Time is in decaauts)
 A = Elapsed time spent in this place.
 B = Non-inter-level travel time spent in this place.
 C = Inter-level travel time spent in this place.
 D = Time resting spent in this place.
 E = Time spent auto-exploring this place.
 F = Levels seen in this place.
 G = Mean time per level.
                   A        B        C        D        E       F      G
               +--------+--------+--------+--------+--------+-----+--------+
         Total |   4120 |   4060 |     60 |     50 |   2799 |   4 | 1030.0 |
       Dungeon |   4120 |   4060 |     60 |     50 |   2799 |   4 | 1030.0 |
               +--------+--------+--------+--------+--------+-----+--------+

Top non-repeatable levels by time:
     D:3: 1538 daAuts
     D:1: 1261 daAuts
     D:4: 770 daAuts
     D:2: 549 daAuts
